 Dungeon Crawl Stone Soup version 0.29-a0-1047-g7c58e119a4 (webtiles) character file.

Game seed: 16900516053440698835

58 lesbiats the Chopper (level 3, -3/37 HPs)
             Began as a Troll Berserker on Aug 16, 2022.
             Was a Believer of Trog.
             Slain by a gnoll
             ... wielding a +0 flail
              (8 damage)
             ... on level 2 of the Dungeon.
             The game lasted 00:03:18 (1005 turns).

lesbiats the Chopper (Troll Berserker)              Turns: 1005, Time: 00:03:19

Health: -3/37      AC:  4    Str: 27    XL:     3   Next: 76%
Magic:  2/2        EV: 10    Int:  3    God:    Trog [**....]
Gold:   76         SH:  0    Dex:  9    Spells: 2/2 levels left

rFire   . . .      SeeInvis .   a - +0 hand axe
rCold   . . .      Faith    .   (no shield)
rNeg    . . .      Spirit   .   b - +0 animal skin
rPois   +          Reflect  .   (helmet restricted)
rElec   .          Harm     .   (no cloak)
rCorr   .          Rampage  .   (gloves unavailable)
Will    ++...                   (boots unavailable)
Stlth   +.........              (no amulet)
HPRegen 1.92/turn               k - ring of poison resistance
MPRegen 0.08/turn               (no ring)

@: strong-willed (expiring), on berserk cooldown, regenerating (expiring),
slowed, very slow
A: large, unfitting armour, claws 3, regeneration 1, shaggy fur 1, tough skin 1
a: Renounce Religion, Berserk, Trog's Hand


You were on level 2 of the Dungeon.
You worshipped Trog.
Trog was pleased with you.
You visited 1 branch of the dungeon, and saw 2 of its levels.

You collected 76 gold pieces.

Inventory:

Hand Weapons
 a - a +0 hand axe (weapon)
Missiles
 d - 23 stones (quivered)
Armour
 b - a +0 animal skin (worn)
 l - an orb of mayhem
Jewellery
 k - a ring of poison resistance (left claw)
Scrolls
 c - a scroll of identify {unknown}
 f - a scroll of vulnerability {unknown}
 g - a scroll of teleportation {unknown}
 h - a scroll of brand weapon {unknown}
 j - a scroll of summoning {unknown}
Potions
 e - 3 potions of curing {unknown}
 i - a potion of degeneration {unknown}
 m - a potion of attraction {unknown}


   Skills:
 + Level 3.0 Fighting
 * Level 3.5 Axes
 - Level 2.4 Dodging


You had 2 spell levels left.
You didn't know any spells.
Your spell library was empty.

Dungeon Overview and Level Annotations

Branches:
Dungeon (2/15)

Altars:


Innate Abilities, Weirdness & Mutations

You are too large for most types of armour.
You have claws for hands.
Your natural rate of healing is unusually fast.
You are covered in fur. (AC +1)
You have tough skin. (AC +1)


Message History

The gnoll is heavily wounded.
The gnoll hits you with a +0 club.
* * * LOW HITPOINT WARNING * * *
You slash the gnoll!
You kill the gnoll!
Trog accepts your kill.
You closely miss the rat. The rat barely misses you.
You slash the rat!
You kill the rat!
Trog accepts your kill. The gnoll hits you with a +0 club.
* * * LOW HITPOINT WARNING * * *
The gnoll hits you from afar with a +0 spear.
* * * LOW HITPOINT WARNING * * *
Things that are here:
a +0 club; a rat corpse You slash the gnoll!
The gnoll is almost dead.
The gnoll misses you.
The gnoll hits you from afar with a +0 spear.
* * * LOW HITPOINT WARNING * * *
You slash the gnoll!
You kill the gnoll!
Trog accepts your kill.
Your Fighting skill increases to level 3!
You feel a strong urge to attack something.
You are no longer berserk.
You are exhausted.
You feel yourself slow down.
You barely miss the gnoll.
The gnoll is severely wounded.
You feel the effects of Trog's Hand fading.
The gnoll hits you but does no damage. The gnoll barely misses you.
The gnoll hits you with a +0 flail!
* * * LOW HITPOINT WARNING * * *
The gnoll barely misses you.
You completely miss the gnoll.
The gnoll is severely wounded.
The gnoll hits you with a +0 flail!
You die...

#.####..######.###.
#.####.......##.#.#
#.##....####.###.## #
#.##......##.# ### #.
#.#.....#.##.# #.. ###
#............####
##...##.#####..........[..#
.....>....###.....#.#.....#
..........gg@.....#.......#
..........####.#.####.....#
##...##.### ###..........#
#.. ### #.########## #.
#<......# # #.>####.#
#..####.######
#.....#.......
##.##.#.......


You could see 2 gnolls.

Vanquished Creatures
  2 gnolls (D:2)
  2 dart slugs
  2 bats (D:1)
  2 endoplasms (D:1)
  2 giant cockroaches (D:1)
  3 goblins (D:1)
  A hobgoblin (D:1)
  4 jackals (D:1)
  A quokka (D:1)
  4 ball pythons
  4 frilled lizards (D:1)
  2 kobolds (D:1)
  5 rats
34 creatures vanquished.

Notes
Turn   | Place    | Note
-------+----------+-------------------------------------------
     0 | D:1      | lesbiats the Troll Berserker began the quest for the Orb.
     0 | D:1      | Reached XP level 1. HP: 22/22 MP: 0/0
   100 | D:1      | Reached XP level 2. HP: 29/29 MP: 1/1
   339 | D:1      | Reached ** piety under Trog
   552 | D:1      | Reached XP level 3. HP: 36/36 MP: 2/2
  1005 | D:2      | Slain by a gnoll

Illustrated notes

Levels and vault maps discovered:
D:1:      lightli_arrival_lavapool, layout_rooms
D:2:      minmay_chambers_of_ones, layout_loops_cross

Skill      XL: |  1  2  3 |
---------------+----------+-----
Axes           | 3 |  3.5
Fighting       | 3 |  3.0
Dodging        | |  2.4

Action                   || total
-------------------------++-------
Melee: Hand axe          ||    78
       Punch             ||     1
Invok: Berserk           ||     1
       Trog's Hand       ||     1
Armor: Animal skin       ||    28
Dodge: Dodged            ||    58

Table legend: (Time is in decaauts)
 A = Elapsed time spent in this place.
 B = Non-inter-level travel time spent in this place.
 C = Inter-level travel time spent in this place.
 D = Time resting spent in this place.
 E = Time spent auto-exploring this place.
 F = Levels seen in this place.
 G = Mean time per level.
                   A        B        C        D        E       F      G
               +--------+--------+--------+--------+--------+-----+--------+
         Total |   1012 |    964 |     48 |    405 |    309 |   2 |  506.0 |
       Dungeon |   1012 |    964 |     48 |    405 |    309 |   2 |  506.0 |
               +--------+--------+--------+--------+--------+-----+--------+

Top non-repeatable levels by time:
     D:1: 844 daAuts
     D:2: 168 daAuts
